 Dungeon Sprint DCSS version 0.31-a0-408-gb642c7f9a3 (webtiles) character file.

Game seed: 16445718519303670156

777 rocky1 the Grappler (level 7, -5/45 HPs)
             Began as an Octopode Shapeshifter on July 30, 2023.
             Was an Initiate of Gozag.
             Slain by a deep elf zephyrmancer
             ... wielding a +0 long sword
              (12 damage)
             ... in the Dungeon (Sprint VII: "The Pits").
             The game lasted 00:03:00 (1073 turns).

rocky1 the Grappler (Octopode Shapeshifter)         Turns: 1073, Time: 00:03:01

Health: -5/45      AC:  1    Str: 15    XL:     7   Next: 84%
Magic:  7/7        EV: 14    Int: 12    God:    Gozag
Gold:   1503       SH:  0    Dex: 12    Spells: 6/6 levels left

rFire   . .          .
                       - Unarmed
rCold   . . .        (no shield)
rNeg    . . .        (helmet currently unavailable)
rPois   .            (no amulet)
rElec   .            (no ring)
rCorr   .            (no ring)
SInv    .            (no ring)
Will    .....        (no ring)
Stlth   +++          (no ring)
HPRegen 0.27/turn    (no ring)
MPRegen 0.10/turn    (no ring)
                     (no ring)

%: no teleportation
@: beast-form
A: beast (slay +5), almost no armour, amphibious, 8 rings, camouflage 1,
gelatinous body 1, (nimble swimmer 1), tentacles
a: Begin Untransformation, Renounce Religion, Potion Petition, Call Merchant,
Bribe Branch


You were in the Dungeon.
You worshipped Gozag.
Gozag was most pleased with you.
You were a hulking beast.
You visited 1 branch You collected 1503 gold pieces.

Inventory:

Talismans
 b - a beast talisman
Scrolls
 h - a scroll of blinking
 j - 5 scrolls of amnesia
 k - a scroll of butterflies
Potions
 a - a potion of lignification
 c - 6 potions of curing
 d - 2 potions of heal wounds
 e - a potion of haste
 f - 4 potions of magic
 g - 2 potions of berserk rage
 i - 2 potions of invisibility


   Skills:
 + Level 2.9 Fighting
 + Level 4.5 Dodging
 + Level 3.9 Stealth
 * Level 12.8 Unarmed Combat
 + Level 8.5 Shapeshifting


You had 6 spell levels left.
You didn't know any spells.
Your spell library was empty.

Dungeon Overview and Level Annotations

Branches:
Dungeon (1/1)

Altars:
Ashenzari
Cheibriados
Dithmenos
Elyvilon
Fedhas
Gozag
Hepliaklqana
Kikubaaqudgha
Makhleb
Nemelex Xobeh
Okawaru
Qazlal
Ru
Sif Muna
Trog
Uskayaw
Vehumet
Wu Jian
Xom
Yredelemnul
Zin
The Shining One
Jiyva
Lugonu


Innate Abilities, Weirdness & Mutations

You are a hulking beast.
Your limbs bulge with bestial killing power. (Slay +5)
You cannot wear most types of armour.
You are amphibious.
You can wear up to eight rings at the same time.
Your skin changes colour to match your surroundings (Stealth+).
Your rubbery body absorbs attacks. (AC +1, EV +1)
((You are camouflaged when in or above water. (Stealth+)))
You have tentacles for arms and can constrict up to eight enemies at once.


Message History

You are no longer poisoned.
There is an open door here.
You start resting.
HP restored.
Things that are here:
a +3 scythe of freezing; a +0 robe
Things that are here:
a +3 scythe of freezing; a +0 robe
There is an open door here.
There is an open door here.
You open the door.
A black bear, a steam dragon and a deep elf zephyrmancer come into view.
There is an open door here.
The deep elf zephyrmancer shouts!
The black bear growls angrily.
The deep elf zephyrmancer casts a spell at you.
The bolt of lightning hits you!
You bludgeon the steam dragon!
The steam dragon is moderately wounded.
The steam dragon breathes steam at you. The ball of steam hits you!
The deep elf zephyrmancer hits you but does no damage.
Unknown command.
You tentacle-slap the black bear. You grab the black bear.
The black bear is lightly wounded.
You constrict the black bear. You tentacle-slap the black bear.
You squeeze the black bear.
The black bear is heavily wounded.
You are engulfed in a cloud of scalding steam.
* * * LOW HITPOINT WARNING * * *
You constrict the black bear. The steam dragon barely misses you.
The steam dragon claws you.
* * * LOW HITPOINT WARNING * * *
The black bear is engulfed in a cloud of scalding steam.
The black bear misses you. The black bear barely misses you.
The black bear claws you.
* * * LOW HITPOINT WARNING * * *
The deep elf zephyrmancer is engulfed in a cloud of scalding steam.
The deep elf zephyrmancer hits you with a +0 long sword!
You die...
Your body crumbles into a pile of gold.

#.#.)......##.......#
#)#........##.......#
#)###########.......#
#).#.#.##..##########
#.......#)######
##.#.#.##.#....#
#.......#'#....#
##.#.#.##.§§h§.+
#.......#'#§hD.#
##.#.#..'.#§§e.#
###############


You could see a deep elf zephyrmancer, a steam dragon (catching breath) and a
black bear.

Vanquished Creatures
  Sigmund (D)
  A water moccasin (D)
  A floating eye (D)
  A centaur (D)
  A necrophage (D)
  A scorpion (D)
  A jelly (D)
  3 orc priests (D)
  Jessica (D)
  An orc wizard (D)
  A mummy (D)
  A gnoll (D)
  A river rat (D)
  6 orcs (D)
  A ball python (D)
  A giant cockroach (D)
  A hobgoblin (D)
  A kobold (D)
  A quokka (D)
  A frilled lizard (D)
  A rat (D)
28 creatures vanquished.

Notes
Turn   | Place    | Note
-------+----------+-------------------------------------------
     0 | D        | rocky1 the Octopode Shapeshifter began the quest for the
                  | Orb.
     0 | D        | Reached XP level 1. HP: 13/13 MP: 1/1
    18 | D        | Found a bloodstained altar of Trog.
    18 | D        | Found a shimmering blue altar of Sif Muna.
    18 | D        | Found a viscous altar of Jiyva.
    18 | D        | Found a hazy altar of Hepliaklqana.
    18 | D        | Found an opulent altar of Gozag.
    41 | D        | Found a glowing golden altar of the Shining One.
    41 | D        | Found a glowing silver altar of Zin.
    41 | D        | Found a basalt altar of Yredelemnul.
    41 | D        | Found a shimmering altar of Xom.
    41 | D        | Found an ornate altar of the Wu Jian Council.
    41 | D        | Found a sacrificial altar of Ru.
    41 | D        | Found a stormy altar of Qazlal.
    41 | D        | Found an iron altar of Okawaru.
    41 | D        | Found a sparkling altar of Nemelex Xobeh.
    41 | D        | Found a burning altar of Makhleb.
    41 | D        | Found a blossoming altar of Fedhas.
    41 | D        | Found a white marble altar of Elyvilon.
    41 | D        | Found a shadowy altar of Dithmenos.
    41 | D        | Found a snail-covered altar of Cheibriados.
    44 | D        | Found a corrupted altar of Lugonu.
    44 | D        | Found a radiant altar of Vehumet.
    45 | D        | Found an ancient bone altar of Kikubaaqudgha.
    45 | D        | Found a hide-covered altar of Uskayaw.
    45 | D        | Found a broken altar of Ashenzari.
    48 | D        | Became a worshipper of Gozag Ym Sagoz the Greedy
    65 | D        | Reached skill level 4 in Unarmed Combat
    65 | D        | Reached XP level 2. HP: 18/18 MP: 2/2
   201 | D        | Noticed a centaur
   212 | D        | Killed a centaur
   213 | D        | Reached skill level 6 in Unarmed Combat
   213 | D        | Reached skill level 5 in Shapeshifting
   213 | D        | Reached XP level 3. HP: 9/23 MP: 3/3
   213 | D        | Reached XP level 4. HP: 11/28 MP: 4/4
   489 | D        | Reached skill level 7 in Unarmed Combat
   699 | D        | Noticed Jessica
   699 | D        | Noticed a water moccasin
   704 | D        | Reached XP level 5. HP: 33/33 MP: 5/5
   712 | D        | Reached skill level 8 in Unarmed Combat
   716 | D        | Reached skill level 1 in Stealth
   716 | D        | Reached skill level 9 in Unarmed Combat
   722 | D        | HP: 1/34 [Jessica/+0 dagger (2)]
   724 | D        | Killed Jessica
   725 | D        | Reached XP level 6. HP: 14/39 MP: 6/6
   729 | D        | Killed a water moccasin
   730 | D        | Reached skill level 10 in Unarmed Combat
   800 | D        | Noticed a floating eye
   802 | D        | Killed a floating eye
   803 | D        | Reached skill level 11 in Unarmed Combat
   803 | D        | Reached XP level 7. HP: 45/45 MP: 7/7
  1012 | D        | Noticed Sigmund
  1016 | D        | Killed Sigmund
  1017 | D        | Reached skill level 12 in Unarmed Combat
  1067 | D        | Noticed a steam dragon
  1067 | D        | Noticed a deep elf zephyrmancer
  1073 | D        | Slain by a deep elf zephyrmancer

Illustrated notes

Levels and vault maps discovered:
D:        pitsprint [storerooms_1, entrance_room_1, metal_vault_6, armoury_1,
          mini_pit_1, grid_room_1, main_hall_1, silver_pit, the_coven_2,
          the_vestibule_1, steel_vault_5, golden_pit, hallway_of_sentries,
          crystal_vault_4, iron_vault_2, final_vault]

Skill      XL: |  1  2  3  4  5  6  7 |
---------------+----------------------+-----
Unarmed Combat | 4 6 7 9 11 12 | 12.8
Shapeshifting  | 4 5 6 7 8 |  8.5
Dodging        | 3 4 |  4.5
Stealth        | 1 2 3 |  3.9
Fighting       | 2 |  2.9

Action                     |  1- 3 |  4- 6 |  7- 9 || total
---------------------------+-------+-------+-------++-------
  Melee: Unarmed           |    14 |    24 |     9 ||    47
         Tentacles         |     3 |     4 |     2 ||     9
         Punch             |     1 |     1 |       ||     2
         Constrict         |       |     6 |     2 ||     8
    Use: Potion            |     1 |     4 |       ||     5
   Stab: Sleeping          |       |     1 |     3 ||     4
 Armour: Skin              |     3 |     1 |     1 ||     5
  Dodge: Dodged            |    11 |     2 |     4 ||    17

Table legend: (Time is in decaauts)
 A = Elapsed time spent in this place.
 B = Non-inter-level travel time spent in this place.
 C = Inter-level travel time spent in this place.
 D = Time resting spent in this place.
 E = Time spent auto-exploring this place.
 F = Levels seen in this place.
 G = Mean time per level.
                   A        B        C        D        E       F      G
               +--------+--------+--------+--------+--------+-----+--------+
         Total |   1077 |   1061 |     16 |    826 |      0 |   1 | 1077.0 |
       Dungeon |   1077 |   1061 |     16 |    826 |      0 |   1 | 1077.0 |
               +--------+--------+--------+--------+--------+-----+--------+

Top non-repeatable levels by time:
       D: 1077 daAuts
